 Dungeon Crawl Stone Soup version 0.18.1-6-gd335043 (webtiles) character file.

536 namelastname112 the Slasher (level 7, 0/45 (46) HPs)
             Began as a High Elf Skald on May 19, 2016.
             Slain by Eustachio
             ... wielding a +4 rapier of protection
              (6 damage)
             ... on level 6 of the Dungeon.
             The game lasted 00:11:39 (5533 turns).

namelastname112 the Slasher (High Elf Skald)        Turns: 5533, Time: 00:11:40

HP:   0/45 (46)     AC:  8    Str: 13    XL:     7   Next: 4%
MP:   7/13          EV: 13    Int: 22    God:
Gold: 236           SH:  0    Dex: 15    Spells: 3 memorised, 6 levels left

rFire  . . .     SeeInvis .     a - +1 falchion
rCold  . . .     Gourm    .     E - +2 leather armour of Ypoikk {Int+6}
rNeg   + + .     Faith    +     (no shield)
rPois  .         Spirit   .     r - +1 helmet
rElec  .         Dismiss  .     n - +0 cloak
rCorr  .         Reflect  .     (no gloves)
SustAt .         Harm     .     (no boots)
MR     .....                    x - amulet of faith
Stlth  +.........               u - ring of positive energy
                                s - ring of positive energy

@: non-regenerating, mildly diseased, not resistant to hostile enchantments,
very unstealthy
A: no striking features
a: no special abilities


You were on level 6 of the Dungeon.
You were very hungry.

You visited 1 branch of the dungeon, and saw 6 of its levels.

You collected 236 gold pieces.

Inventory:

Hand Weapons
 a - a +1 falchion (weapon)
Missiles
 l - 3 throwing nets (quivered)
Armour
 n - a +0 cloak (worn)
 r - a +1 helmet (worn)
 E - the +2 leather armour of Ypoikk (worn) {Int+6}
   (You found it on level 5 of the Dungeon)

   It affects your intelligence (+6).
Jewellery
 p - an uncursed ring of ice
 s - a ring of positive energy (left hand)
 u - a ring of positive energy (right hand)
 x - an amulet of faith (around neck)
Scrolls
 b - a scroll of amnesia {unknown}
 f - 3 scrolls of enchant weapon
 m - 3 scrolls of recharging
 q - 5 scrolls of identify
 v - 5 scrolls of remove curse
 y - 2 scrolls of teleportation
 D - a scroll of magic mapping
Potions
 e - a potion of brilliance {unknown}
 g - a potion of ambrosia {unknown}
 h - a potion of mutation
 i - a potion of haste
 j - a potion of agility {unknown}
 k - 2 potions of might {unknown}
 z - 2 potions of flight {unknown}
 A - a potion of degeneration {unknown}
 C - a potion of curing {unknown}
Books
 c - a book of Battle

   Spells                             Type                      Level
   a - Infusion                       Charms                       1
   b - Shroud of Golubria             Charms/Translocation         2
   c - Song of Slaying                Charms                       2
   d - Spectral Weapon                Hexes/Charms                 3
   e - Regeneration                   Charms/Necromancy            3
 B - a book of Conjurations

   Spells                             Type                      Level
   a - Magic Dart                     Conjuration                  1
   b - Searing Ray                    Conjuration                  2
   c - Dazzling Spray                 Conjuration/Hexes            3
   d - Fulminant Prism                Conjuration/Hexes            4
   e - Iskenderun's Mystic Blast      Conjuration                  4
   f - Iskenderun's Battlesphere      Conjuration/Charms           5
Comestibles
 d - 3 bread rations
 o - 2 meat rations
 t - a royal jelly
 w - a slice of pizza


   Skills:
 + Level 3.4 Fighting
 * Level 5.4 Long Blades
 + Level 2.6 Armour
 + Level 3.0 Dodging
 + Level 3.6 Spellcasting
 + Level 4.9 Charms


You had 6 spell levels left.
You knew the following spells:

 Your Spells              Type           Power        Failure   Level  Hunger
a - Infusion              Chrm           ####         1%          1    None
c - Spectral Weapon       Hex/Chrm       ##......     21%         3    ###....
d - Regeneration          Chrm/Necr      ##........   21%         3    ###....


Dungeon Overview and Level Annotations

Branches:
Dungeon (6/15)
 Temple: D:4-7

Altars:
Cheibriados
Gozag
Nemelex Xobeh

Shops:
D:5 =

Annotations:
D:6 Eustachio


Message History

You kill the giant gecko!
Eustachio gestures wildly while chanting.
Eustachio blinks!
You see here a giant gecko corpse.
Eustachio hits you with a rapier of protection.
* * * LOW HITPOINT WARNING * * *
You see here 8 gold pieces.
You take 3 damage, and have 12/45 hp.
You hit Eustachio but do no damage.
Eustachio is severely wounded.
Eustachio closely misses you.
You closely miss Eustachio.
Eustachio is severely wounded.
Eustachio hits you with a rapier of protection.
* * * LOW HITPOINT WARNING * * *
You take 6 damage, and have 6/45 hp.
Your leather armour of Ypoikk prevents you from hitting Eustachio.
Eustachio is severely wounded.
Eustachio hits you with a rapier of protection.
You die...

....#.##.##
b#.......#
.##.#.##### ####
..........# ..#
##@.#.....# #.#
.#.5..)...# #.#
.#r##.....# #.#
.#.##.....# #†#
...######## #@#
b### #@# .# #.# .#
######### #.# .#
#...@...#####.#
r###.###.r.rr.##.#
..##.###.#.##.##.#
#r.......#...r?..#
..##[##...[##l####


You could see Eustachio.

Vanquished Creatures
  A centaur (D:4)
  A big kobold (D:5)
  Blork the orc (D:4)
  A scorpion (D:4)
  A giant frog zombie (D:5)
  Crazy Yiuf (D:2)
  An orc priest (D:3)
  A worker ant (D:3)
  Robin (D:2)
  3 adders
  2 oozes
  An adder skeleton (D:4)
  A dart slug (D:1)
  2 worms
  4 giant geckos
  7 orcs
  2 ball pythons
  4 bats
  5 giant cockroaches
  15 goblins
  9 hobgoblins
  6 jackals
  2 quokkas (D:3)
  3 giant newts
  13 kobolds
  A quokka skeleton (D:4)
  4 rats
93 creatures vanquished.

Vanquished Creatures (others)
  A spectral weapon (D:3)
1 creature vanquished.

Grand Total: 94 creatures vanquished

Notes
Turn   | Place    | Note
--------------------------------------------------------------
     0 | D:1      | namelastname112 the High Elf Skald began the quest for the Orb.
     0 | D:1      | Reached XP level 1. HP: 14/14 MP: 4/4
    51 | D:1      | xeno23: да на самом деле норм комба
    59 | D:1      | Reached skill level 1 in Armour
    92 | D:1      | xeno23: когда найдешь первый грейтсворд
   340 | D:1      | Reached XP level 2. HP: 19/19 MP: 6/6
   597 | D:1      | namelastname112: ща маску пересматривал
   597 | D:1      | namelastname112: лол
   597 | D:1      | xeno23: я чет даже не смотрел
   597 | D:1      | namelastname112: ты че
   597 | D:1      | namelastname112: классика ж
   597 | D:1      | xeno23: ну да
  1015 | D:1      | Reached skill level 3 in Long Blades
  1345 | D:2      | namelastname112: м
  1345 | D:2      | xeno23: силу
  1345 | D:2      | xeno23: дрочи
  1345 | D:2      | Reached XP level 3. HP: 24/24 MP: 8/8
  1346 | D:2      | namelastname112: ??sid
  1346 | D:2      | beem: stat gain[2/2]: Ce sd/4
                  | DD si/4
                  | DE i/4
                  | Dg choose2/3
                  | Dr sid/4
                  | Ds sid/4
                  | Fe id/5
                  | Fo si/4
                  | Gh s/5
                  | Gr si/4
                  | Ha d/5
                  | HE id/3
                  | HO s/5
                  | Hu sid/4
                  | Ko sd/5
                  | Mf sid/5
                  | Mi sd/4
                  | Mu sid/5
                  | Na sid/4
                  | Og s/3
                  | Op sid/5
                  | Sp id/5
                  | Te sid/4
                  | Tr s/3
                  | Vp id/5
                  | VS sd/4
  1346 | D:2      | namelastname112: ну да
  1346 | D:2      | namelastname112: силу
  1537 | D:2      | Learned a level 3 spell: Regeneration
  1541 | D:2      | Learned a level 3 spell: Spectral Weapon
  1671 | D:2      | namelastname112: !apt hp
  1671 | D:2      | beem: HP: Og: 3!, Tr: 3!, DD: 2, Na: 2, Gh: 1, HO: 1, Dr: 1, Mi: 1, Dg: 1, Ce: 1, Hu: 0, Vp: 0, Mu: 0, Mf: 0, Fo: 0, Ds: 0, HE: -1, Op: -1, Ha: -1, Te: -2, Ko: -2, DE: -2, Gr: -2, Sp: -3, VS: -3, Fe: -4*
  2101 | D:2      | Noticed Robin
  2118 | D:2      | Killed Robin
  2118 | D:2      | Reached XP level 4. HP: 25/29 MP: 6/9
  2359 | D:2      | Noticed Crazy Yiuf
  2372 | D:2      | Killed Crazy Yiuf
  2503 | D:3      | Reached skill level 4 in Long Blades
  2503 | D:3      | Reached XP level 5. HP: 32/35 MP: 6/10
  2516 | D:3      | namelastname112: ого
  2516 | D:3      | namelastname112: +3 луки
  2516 | D:3      | namelastname112: как кентавры
  2516 | D:3      | xeno23: ну так эльф же
  2622 | D:3      | xeno23: у них вообще норм такие апты
  3026 | D:3      | xeno23: можешь не брать иголки, ты же к тсо идешь
  3502 | D:3      | namelastname112: ммм
  3502 | D:3      | namelastname112: ты хочешь че
  3502 | D:3      | namelastname112: паладина
  3502 | D:3      | namelastname112: как ты
  3554 | D:3      | xeno23: лол
  3575 | D:3      | xeno23: ну тот чар неплох был
  3608 | D:4      | namelastname112: ну да
  3608 | D:4      | xeno23: на удивление
  3608 | D:4      | namelastname112: после сороковой попытки
  3679 | D:4      | Found an opulent altar of Gozag.
  3995 | D:4      | namelastname112: ммм
  3995 | D:4      | namelastname112: это че я
  3995 | D:4      | namelastname112: зря реген запоминал
  4034 | D:4      | Reached XP level 6. HP: 8/42 MP: 2/11
  4287 | D:4      | Noticed Blork the orc
  4288 | D:4      | xeno23: ну можешь норм бога взять
  4335 | D:4      | Killed Blork the orc
  4335 | D:4      | Reached skill level 5 in Long Blades
  4626 | D:4      | namelastname112: например
  4775 | D:5      | Entered Level 5 of the Dungeon
  4783 | D:5      | Found a snail-covered altar of Cheibriados.
  4796 | D:5      | Found Sebbiex's Jewellery Shop.
  5000 | D:5      | Got a faintly glowing leather armour
  5011 | D:5      | Identified the +2 leather armour of Ypoikk {Int+6} (You found it on level 5 of the Dungeon)
  5011 | D:5      | xeno23: аш там
  5220 | D:5      | Reached XP level 7. HP: 39/46 MP: 9/13
  5356 | D:5      | Found a sparkling altar of Nemelex Xobeh.
  5378 | D:5      | You fall through a shaft!
  5403 | D:6      | Noticed Eustachio
  5438 | D:6      | xeno23: лол
  5441 | D:6      | xeno23: вот пидорас
  5492 | D:6      | namelastname112: в смысле сик блять
  5492 | D:6      | namelastname112: мискаст чели
  5501 | D:6      | xeno23: мм
  5533 | D:6      | Slain by Eustachio

Skill      XL: |  1  2  3  4  5  6 |
---------------+-------------------+-----
Armour         | 1 2 |  2.6
Long Blades    | 3 4 5 |  5.4
Dodging        | 2 3 |  3.0
Charms         | 4 |  4.9
Spellcasting   | 3 |  3.6
Fighting       | 3 |  3.4

Action                   |  1- 3 |  4- 6 |  7- 9 || total
-------------------------+-------+-------+-------++-------
Melee: Falchion          |   117 |   188 |    48 ||   353
 Cast: Infusion          |     3 |       |       ||     3
       Regeneration      |     2 |     4 |     4 ||    10
       Spectral Weapon   |       |     9 |     3 ||    12
  Use: Scroll            |     5 |     6 |       ||    11
  Eat: Chunk             |     4 |    10 |     1 ||    15
       Beef jerky        |       |     1 |       ||     1
Armor: Leather armour    |    30 |    63 |    51 ||   144
Dodge: Dodged            |    70 |   104 |    64 ||   238
